 Dungeon Crawl Stone Soup version 0.21-a0-91-ga5031da (webtiles) character file.

328342 tilp the Warrior (level 21, -20/145 HPs)
             Began as a Gargoyle Fighter on June 29, 2017.
             Was the Champion of Qazlal.
             Killed from afar by Frederick (30 damage)
             ... with a bolt of cold
             ... on level 3 of the Crypt on June 30, 2017.
             The game lasted 04:16:23 (44383 turns).

tilp the Warrior (Gargoyle Fighter)                Turns: 44383, Time: 04:16:25

Health: -20/145    AC: 42    Str: 28      XL:     21   Next: 69%
Magic:  31/31      EV: 10    Int:  6 (8)  God:    Qazlal [******]
Gold:   2483       SH: 14    Dex: 10 (11) Spells: 20/20 levels left

rFire    + + .     SeeInvis .   Q - +3 battleaxe of Scorn {holy, +Inv Dex+2}
rCold    . . .     Gourm    .   (shield currently unavailable)
rNeg     + + +     Faith    .   N - +8 ring mail of the Spider Nest {+Fly rF+ Stlth-}
rPois    ∞         Spirit   .   T - +1 helmet of the Barnacle {rElec rF+}
rElec    +         Reflect  +   L - scarf of the Black Moon {*Corrode +Inv MR+++}
rCorr    +         Harm     .   m - +2 pair of gloves {Dex+3}
MR       +++++                  V - +0 pair of boots of a Billion Runes {rPois rN+++ Int-3 Dex-3}
Stlth    ..........             Y - +6 amulet of reflection
HPRegen  0.74/turn              k - ring of resist corrosion
MPRegen  0.22/turn              z - ring of protection from magic

@: protected from physical damage, flying, repel missiles
A: big wings, negative energy resistance 1, regeneration 1, electricity
resistance, wild magic 1, unbreathing, petrification resistance, rot immunity,
AC +15
}: 2/15 runes: decaying, serpentine
a: Stop Flying, Upheaval, Elemental Force, Disaster Area, Renounce Religion,
Evoke Invisibility


You were on level 3 of the Crypt.
You worshipped Qazlal.
Qazlal was exalted by your worship.
You were hungry.

You visited 8 branches of the dungeon, and saw 37 of its levels.
You also visited: Labyrinth, Ossuary, Ice Cave and Desolation.

You collected 4267 gold pieces.
You spent 1784 gold pieces at shops.

Inventory:

Hand Weapons
 b - the +7 Singing Sword
   (You found it on level 4 of the Snake Pit)
 q - a +2 broad axe of electrocution
 C - the +10 spear of Huhecw {venom, +Inv Dex+4 Stlth+}
   (You found it on level 4 of the Dungeon)

   It poisons the flesh of those it strikes.
   It affects your dexterity (+4).
   It lets you turn invisible.
   It makes you more stealthy.
 Q - the +3 battleaxe of Scorn (weapon) {holy, +Inv Dex+2}
   (You found it on level 1 of the Vaults)

   It has been blessed by the Shining One to cause great damage to the undead
   and demons.
   It affects your dexterity (+2).
   It lets you turn invisible.
Armour
 m - a +2 pair of gloves of dexterity (worn)
 o - the +1 shield "Yhokkeuhiu" {+Blink rElec rC+ Dex+2}
   (You found it on level 6 of the Dungeon)

   It affects your dexterity (+2).
   It protects you from cold.
   It insulates you from electricity.
   It lets you blink.
 p - the +3 pair of gloves of the Voivode {rElec Regen+ rCorr Dex-5}
   (You bought it in a shop on level 2 of the Orcish Mines)

   It affects your dexterity (-5).
   It insulates you from electricity.
   It increases your rate of regeneration.
   It protects you from acid and corrosion.
 F - a +0 helmet of see invisible
 L - the scarf of the Black Moon (worn) {*Corrode +Inv MR+++}
   (You acquired it on level 4 of the Lair of Beasts)

   It affects your resistance to hostile enchantments.
   It lets you turn invisible.
   It may corrode you when you take damage.
 N - the +8 ring mail of the Spider Nest (worn) {+Fly rF+ Stlth-}
   (You found it on level 7 of the Dungeon)

   It protects you from fire.
   It lets you fly.
   It makes you less stealthy.
 P - a +2 pair of boots of running
 T - the +1 helmet of the Barnacle (worn) {rElec rF+}
   (You bought it in a shop on level 8 of the Dungeon)

   It protects you from fire.
   It insulates you from electricity.
 V - the +0 pair of boots of a Billion Runes (worn) {rPois rN+++ Int-3 Dex-3}
   (You found it in an ice cave)

   It affects your intelligence (-3).
   It affects your dexterity (-3).
   It protects you from poison.
   It renders you almost immune to negative energy.
 W - a +2 cloak
Jewellery
 j - an uncursed amulet of guardian spirit
 k - a ring of resist corrosion (left hand)
 l - an uncursed ring of protection from fire
 z - a ring of protection from magic (right hand)
 D - an uncursed ring of protection from cold
 Y - a +6 amulet of reflection (around neck)
Wands
 c - a wand of acid (5/15)
 g - a wand of digging (2/24)
 t - a wand of polymorph (24/24)
 x - a wand of confusion (15/48)
 y - a wand of scattershot (3/9)
 H - a wand of paralysis (15/24)
Scrolls
 a - 3 scrolls of remove curse
 e - 4 scrolls of fog
 h - 3 scrolls of fear
 s - 4 scrolls of identify
 u - a scroll of summoning
 A - a scroll of holy word
 I - 7 scrolls of recharging
 J - 2 scrolls of magic mapping
 K - 3 scrolls of silence
 U - 11 scrolls of teleportation
Potions
 d - 4 potions of might
 i - 11 potions of curing
 n - 6 potions of resistance
 r - 7 potions of mutation
 w - 4 potions of heal wounds
 B - 2 potions of berserk rage
 E - a potion of haste
 S - 3 potions of agility
Comestibles
 f - 25 bread rations


   Skills:
 * Level 19.6 Fighting
   Level 6.0(8.6) Short Blades
 * Level 9.5(10.2) Long Blades
 + Level 9.3(12.5) Axes
 - Level 13.5(14.5) Polearms
 * Level 14.1 Armour
 - Level 18.2 Shields
 + Level 13.4 Invocations
 - Level 9.6 Evocations


You had 20 spell levels left.
You didn't know any spells.

Dungeon Overview and Level Annotations

Branches:
Dungeon (15/15)            Temple (1/1) D:4            Lair (6/6) D:10
  Swamp (4/4) Lair:3        Snake (4/4) Lair:2        Slime (0/5) Lair:5
    Orc (2/2) D:9             Elf (0/3) Orc:2        Vaults (2/5) D:14
  Crypt (3/3) Vaults:2     Depths (0/5) D:15
   Tomb: Crypt:3

Altars:
Ashenzari
Cheibriados
Dithmenos
Elyvilon
Fedhas
Gozag
Hepliaklqana
Kikubaaqudgha
Makhleb
Nemelex Xobeh
Okawaru
Qazlal
Ru
Sif Muna
Trog
Uskayaw
Vehumet
Wu Jian
Xom
Yredelemnul
Zin
The Shining One
Beogh
Jiyva

Shops:
D:8 [   D:14 :   Orc:2 ([*:   Vaults:2 (

Annotations:
D:14 exclusion: Roxanne, Roxanne
Swamp:2 2 transporters - Zot trap vault
Swamp:3 Mara, Nikola
Crypt:3 Frederick, Margery, Saint Roka


Innate Abilities, Weirdness & Mutations

You are resistant to torment.
Your stone body is resilient. (AC +15)
You are immune to poison.
Your large and strong wings let you fly indefinitely.
You resist negative energy. (rN+)
You are resistant to electric shocks. (rElec)
You can survive without breathing.
You are immune to petrification.
You are immune to rotting.
Your natural rate of healing is unusually fast.
Your spells are a little harder to cast, but a little more powerful.


Message History

You slash Frederick!
Frederick is severely wounded.
You slash the spellforged servitor! You hit the eidolon.
The eidolon convulses.
The spellforged servitor casts a spell at you.
The iron shot hits you! The eidolon misses you. You block the eidolon's attack.
Frederick is engulfed in freezing vapours.
Frederick hits you with a halberd of protection.
You barely miss Frederick.
Frederick is almost dead.
You slash the eidolon!
The eidolon convulses!
You destroy the eidolon!
Qazlal accepts your kill.
You completely miss the spellforged servitor.
The spellforged servitor gestures at you while chanting.
The iron shot hits you!
* * * LOW HITPOINT WARNING * * *
Frederick is engulfed in freezing vapours.
Frederick points at you and mumbles some strange words.
The bolt of cold hits you!
You die...

P.♣......#.#..##
♣.P♣P..#...#..#
♣........[# .#
♣♣♣♣....#...###.
♣♣♣.......#.###...
♣♣.........W.......
♣...♣.♣.......@....
♣.@♣♣♣..♣..........
♣8@♣♣♣♣......##....
♣§§♣♣...♣...♣#.....
♣§.♣♣♣....♣......#.
♣...♣♣♣♣♣♣♣♣♣....#.
♣..<.♣ ♣......
♣♣...♣ ♣#.#.##
♣♣♣♣♣ ♣♣♣♣♣


You could see Frederick and a spellforged servitor.

Vanquished Creatures
  Bai Suzhen (Swamp:3)
  the Lernaean hydra (Swamp:4)
  Vashnia (Snake:3)
  A lich (Vaults:2)
  Asterion (Vaults:1)
  An ancient champion (Crypt:2)
  A sphinx (Vaults:1)
  Kirke (D:14)
  An azure jelly (Snake:2)
  2 thorn hunters
  3 revenants
  12 nagarajas
  2 orc warlords (Orc:1)
  3 vault wardens
  3 ghouls (Crypt:2)
  3 curse skulls
  A juggernaut zombie (Crypt:2)
  3 ironheart preservers
  An entropy weaver (Vaults:2)
  4 stone giants (Vaults:2)
  4 vampire knights
  5 dire elephants (Lair:6)
  Azrael (D:13)
  Snorg (D:12)
  2 blizzard demons (IceCv)
  12 eidola (Crypt:3)
  A deep elf death mage (Crypt:2)
  A minotaur (Lab)
  A quicksilver dragon zombie (Crypt:1)
  3 ettins
  6 jiangshi
  3 yaktaur captains (Vaults:1)
  9 ogre magi
  3 ragged hierophants
  A great orb of eyes (Vaults:1)
  Fannar (Lair:3)
  2 servants of whispers (Desolation)
  15 naga warriors
  3 rakshasas
  2 ice dragons
  A peacekeeper (Desolation)
  3 vault guards
  25 hydras
  A ghost crab (Swamp:2)
  7 centaur warriors
  12 anacondas
  A tengu warrior (D:13)
  26 two-headed ogres
  2 death knights (Crypt:1)
  7 alligators
  A deep troll shaman (Vaults:2)
  16 death yaks
  14 naga sharpshooters
  4 vampire magi
  10 shock serpents
  3 orc high priests (Orc:1)
  A soul eater (Crypt:1)
  A titan skeleton (Crypt:2)
  2 salamander mystics (Snake:4)
  Nergalle (D:10)
  A hell knight (Vaults:2)
  6 skeletal warriors
  A glowing orange brain (Vaults:2)
  4 shadow wraiths
  3 unseen horrors (Vaults:1)
  2 spriggan druids
  4 flayed ghosts
  11 swamp dragons
  5 deep trolls (Vaults:2)
  11 naga ritualists
  13 phantasmal warriors
  11 orc knights
  4 ironbrand convokers
  10 harpies (Vaults:2)
  Pikel (D:7)
  7 wizards
  2 deep elf magi (D:12)
  An iron dragon zombie (Crypt:1)
  A wolf spider (Vaults:2)
  7 necromancers
  A stone giant zombie (D:15)
  6 ugly things
  8 orc sorcerers
  2 oklob plants (Lair:4)
  3 manticores
  A salamander (shapeshifter) (Vaults:2)
  4 salamanders
  15 mana vipers
  A frost giant zombie (D:15)
  28 slime creatures
  3 cyclopes
  A fire giant zombie (Crypt:1)
  An iron dragon skeleton (Crypt:1)
  4 elephants (Lair:6)
  6 guardian serpents
  25 naga magi
  Maurice (D:9)
  39 black mambas
  A gargoyle (D:10)
  3 centaur zombies
  An ice statue (IceCv)
  3 torpor snails (Lair:5)
  10 spiny frogs
  A yellow draconian zombie (Crypt:2)
  14 vault sentinels
  A komodo dragon (shapeshifter) (D:13)
  14 freezing wraiths
  3 rime drakes
  5 kobold demonologists
  7 komodo dragons
  A dire elephant skeleton (Crypt:2)
  A tengu conjurer (D:13)
  4 yaktaurs
  2 anaconda simulacra (IceCv)
  4 ice devils (IceCv)
  2 guardian mummies (Crypt:1)
  An entropy weaver simulacrum (Vaults:2)
  3 hellwings (Crypt:3)
  A spriggan skeleton (D:15)
  2 polar bears
  2 golden dragon simulacra (IceCv)
  A green draconian skeleton (Crypt:2)
  5 trolls
  A jumping spider (shapeshifter) (D:11)
  A minotaur skeleton (Crypt:2)
  7 hornets
  3 meliai (D:15)
  A polar bear (shapeshifter) (Vaults:1)
  Grinder (D:4)
  A tengu simulacrum (Vaults:1)
  5 tyrant leeches
  A harpy skeleton (Crypt:2)
  An ettin zombie (Crypt:2)
  15 saltlings
  A hornet (shapeshifter) (Vaults:2)
  A tarantella zombie (Crypt:1)
  A deep troll zombie (D:15)
  A hydra skeleton (Crypt:1)
  16 bog bodies
  17 blink frogs
  10 hippogriffs
  2 redbacks (Vaults:2)
  6 spriggans
  10 wraiths
  A fire dragon skeleton (Crypt:2)
  7 shadows
  A spriggan (shapeshifter) (D:12)
  33 yaks
  6 hogs (D:14)
  4 wyverns
  4 dire elephant simulacra (IceCv)
  3 fire elementals (D:13)
  4 vampires
  6 basilisks
  19 humans
  A wind drake skeleton (Crypt:1)
  A hungry ghost (D:9)
  2 death yak simulacra (IceCv)
  4 vampire mosquitoes
  A yaktaur simulacrum (Vaults:1)
  7 insubstantial wisps
  2 harpy simulacra (IceCv)
  2 wargs
  15 swamp worms
  34 nagas
  A soldier ant (D:12)
  5 acid dragons
  4 hydra simulacra (IceCv)
  22 water moccasins
  A water nymph skeleton (Crypt:1)
  7 porcupines
  2 hell hounds (D:13)
  3 black bears
  8 swamp drakes
  2 hornet zombies
  A fire dragon simulacrum (Vaults:1)
  5 sky beasts
  4 ice beasts
  An alligator simulacrum (IceCv)
  An ettin simulacrum (IceCv)
  An eye of draining (D:12)
  A lindwurm zombie (Crypt:1)
  39 orc warriors
  An elephant zombie (Crypt:2)
  3 phantoms
  20 ogres
  A snapping turtle skeleton (Crypt:2)
  A swamp dragon skeleton (Crypt:1)
  9 wolves
  11 centaurs
  3 human skeletons
  10 crocodiles
  A yaktaur zombie (Vaults:1)
  4 big kobolds
  A wyvern zombie (D:13)
  A gnoll sergeant (D:8)
  A water moccasin zombie (D:6)
  19 bullfrogs
  A merfolk simulacrum (Crypt:2)
  9 wyvern skeletons
  6 scorpions
  A raiju zombie (Crypt:1)
  5 wights (D:9)
  A raiju skeleton (Crypt:1)
  29 killer bees
  2 howler monkeys
  2 troll skeletons (Lab)
  An electric eel (Lair:1)
  A bullfrog zombie (D:8)
  5 crimson imps
  A wolf skeleton (Crypt:2)
  A quasit (D:10)
  2 draconian simulacra (IceCv)
  8 hounds
  2 human zombies (Crypt:1)
  6 jellies
  39 orc wizards
  5 centaur skeletons
  35 orc priests
  Crazy Yiuf (D:7)
  A black bear skeleton (Crypt:1)
  Natasha (twice) (D:4)
  7 worker ants
  8 iguanas
  2 polar bear simulacra (IceCv)
  6 troll simulacra (IceCv)
  A wolf simulacrum (IceCv)
  A killer bee zombie (Crypt:1)
  An ogre zombie (Crypt:2)
  An ogre skeleton (Lab)
  6 mummies
  11 gnolls
  17 adders
  4 naga simulacra (IceCv)
  3 ogre simulacra (IceCv)
  4 shadow imps
  2 white imps (IceCv)
  4 ufetubi (IceCv)
  4 oozes
  3 adder skeletons
  3 dart slugs
  6 leopard geckos
  130 orcs
  10 bats
  4 giant cockroaches
  10 goblins
  10 hobgoblins
  25 jackals
  6 quokkas
  3 ball pythons
  A dart slug zombie (Crypt:1)
  8 frilled lizards
  A giant cockroach zombie (Crypt:2)
  5 gnoll skeletons (Ossuary)
  28 kobolds
  3 kobold skeletons (Ossuary)
  16 orc skeletons (Ossuary)
  A quokka zombie (D:7)
  5 rats
  A fungus (Lair:5)
  2 plants
  2 withered plants (Crypt:3)
1590 creatures vanquished.

Vanquished Creatures (collateral kills)
  Aizul (Snake:1)
  A two-headed ogre (D:10)
  5 saltlings (Desolation)
  An orc warrior (Orc:2)
  2 orcs (Orc:2)
10 creatures vanquished.

Vanquished Creatures (others)
  2 yaktaur captains (Vaults:1)
  A cyclops (Vaults:1)
  A vault sentinel (Vaults:2)
  3 yaktaurs
  A bog body (Swamp:4)
  A naga (Snake:1)
  An insubstantial wisp (Swamp:4)
  3 swamp drakes (Swamp:4)
  An ogre (Crypt:3)
  A centaur (Vaults:1)
  2 wyvern skeletons (Crypt:3)
  3 white imps (IceCv)
  6 ufetubi (IceCv)
  12 fungi
  21 plants
  21 withered plants
80 creatures vanquished.

Grand Total: 1680 creatures vanquished

Notes
Turn   | Place    | Note
-------+----------+-------------------------------------------
     0 | D:1      | tilp the Gargoyle Fighter began the quest for the Orb.
     0 | D:1      | Reached XP level 1. HP: 14/14 MP: 1/1
    12 | D:1      | Reached XP level 2. HP: 11/19 MP: 2/2
   228 | D:1      | Reached XP level 3. HP: 24/24 MP: 3/3
   894 | D:2      | Reached XP level 4. HP: 27/29 MP: 4/4
  1065 | D:2      | Found a sacrificial altar of Ru.
  1073 | D:2      | Reached skill level 4 in Fighting
  1073 | D:2      | Reached XP level 5. HP: 32/33 MP: 5/5
  1182 | D:2      | Found a stormy altar of Qazlal.
  1198 | D:2      | Became a worshipper of Qazlal Stormbringer
  1440 | D:3      | Found a glowing golden altar of the Shining One.
  1887 | D:3      | Reached skill level 5 in Axes
  2053 | D:4      | Reached XP level 6. HP: 38/38 MP: 6/6
  2247 | D:4      | Found a staircase to the Ecumenical Temple.
  2259 | Temple   | Entered the Ecumenical Temple
  2659 | D:4      | Got a slimy spear
  2798 | D:4      | Noticed Grinder
  2826 | D:4      | Reached * piety under Qazlal
  2833 | D:4      | Paralysed by Grinder for 2 turns
  2852 | D:4      | Killed Grinder
  2852 | D:4      | Reached XP level 7. HP: 37/44 MP: 7/7
  2888 | D:4      | Reached skill level 1 in Invocations
  2917 | D:4      | Noticed Natasha
  2922 | D:4      | Killed Natasha
  3192 | D:4      | Identified the +10 spear of Huhecw {venom, +Inv Dex+4 Stlth+} (You found it on level 4 of the Dungeon)
  3247 | D:4      | Noticed Natasha
  3257 | D:4      | Killed Natasha
  3270 | D:4      | Reached skill level 5 in Fighting
  3303 | D:5      | Entered Level 5 of the Dungeon
  3309 | D:5      | Reached skill level 1 in Polearms
  3424 | D:5      | Reached XP level 8. HP: 49/51 MP: 8/10
  3463 | D:5      | Reached skill level 6 in Fighting
  3839 | D:5      | Reached ** piety under Qazlal
  4010 | D:6      | Found a radiant altar of Vehumet.
  4074 | D:6      | Reached skill level 5 in Polearms
  4086 | D:6      | Reached XP level 9. HP: 51/56 MP: 11/11
  4219 | D:6      | Got a scorched shield
  4230 | D:6      | Identified the +1 shield "Yhokkeuhiu" {+Blink rElec rC+ Dex+2} (You found it on level 6 of the Dungeon)
  4261 | D:6      | Found a sand-covered staircase.
  4271 | Ossuary  | Entered an ossuary
  4767 | D:6      | Found a radiant altar of Vehumet.
  4884 | D:6      | Found a hazy altar of Hepliaklqana.
  5038 | D:7      | Reached skill level 1 in Evocations
  5143 | D:7      | Found a runed door.
  5147 | D:7      | Noticed Crazy Yiuf
  5150 | D:7      | Killed Crazy Yiuf
  5216 | D:7      | Reached skill level 7 in Fighting
  5351 | D:7      | Found a shattered altar of Ashenzari.
  5384 | D:7      | Got a faintly humming ring mail
  5392 | D:7      | Noticed Pikel
  5403 | D:7      | Killed Pikel
  5403 | D:7      | Reached XP level 10. HP: 52/63 MP: 13/13
  5424 | D:7      | Identified the +8 ring mail of the Spider Nest {+Fly rF+ Stlth-} (You found it on level 7 of the Dungeon)
  5454 | D:7      | Found a shimmering altar of Xom.
  5454 | D:7      | Found a white marble altar of Elyvilon.
  5885 | D:8      | Found a glowing silver altar of Zin.
  6039 | D:8      | Identified a +0 pair of boots of running (You found it on level 8 of the Dungeon)
  6116 | D:8      | Found Cytwub's Antique Armour Emporium.
  6128 | D:8      | Bought an encrusted helmet for 275 gold pieces
  6133 | D:8      | Identified the +1 helmet of the Barnacle {rElec rF+} (You bought it in a shop on level 8 of the Dungeon)
  6232 | D:8      | Noticed a two-headed ogre
  6239 | D:8      | Killed a two-headed ogre
  6239 | D:8      | Reached skill level 5 in Invocations
  6292 | D:8      | Noticed a two-headed ogre
  6300 | D:8      | Killed a two-headed ogre
  6694 | D:9      | Noticed Maurice
  6707 | D:9      | Killed Maurice
  6707 | D:9      | Reached skill level 8 in Fighting
  6707 | D:9      | Reached skill level 10 in Polearms
  6947 | D:9      | Reached *** piety under Qazlal
  6975 | D:9      | Found a staircase to the Orcish Mines.
  7189 | D:9      | Reached XP level 11. HP: 59/68 MP: 10/15
  7555 | D:9      | Found a deep blue altar of Sif Muna.
  7761 | Orc:1    | Entered Level 1 of the Orcish Mines
  7763 | Orc:1    | Noticed an ettin
  8076 | D:8      | Noticed a two-headed ogre
  8088 | D:8      | Killed a two-headed ogre
  8127 | D:10     | Entered Level 10 of the Dungeon
  8627 | D:10     | Reached skill level 1 in Short Blades
  8678 | D:10     | Reached skill level 9 in Fighting
  8728 | D:10     | Found a staircase to the Lair.
  8733 | D:10     | Noticed a two-headed ogre
  8740 | D:10     | Killed a two-headed ogre
  9083 | D:10     | Noticed Nergalle
  9087 | D:10     | Killed Nergalle
  9132 | D:10     | Noticed a two-headed ogre
  9143 | D:10     | Killed a two-headed ogre
  9143 | D:10     | Reached XP level 12. HP: 65/77 MP: 4/17
  9368 | Lair:1   | Entered Level 1 of the Lair of Beasts
  9896 | Lair:1   | Reached skill level 10 in Fighting
  9935 | Lair:1   | Reached skill level 5 in Shields
 10216 | Lair:2   | Found a labyrinth entrance.
 10225 | Lab      | Entered a labyrinth
 10662 | Lab      | Found an exit through the horrors of the Abyss.
 10990 | Lab      | Noticed a minotaur
 11000 | Lab      | Killed a minotaur
 11010 | Lab      | Got a pair of faintly glowing boots
 11014 | Lab      | Identified the Handbook of Hexes
 11018 | Lab      | Got a jewelled dagger
 11485 | Lair:2   | Found a staircase to the Snake Pit.
 12042 | Lair:3   | Found a staircase to the Swamp.
 12089 | Lair:3   | Reached skill level 5 in Evocations
 12397 | Lair:3   | Noticed Fannar
 12413 | Lair:3   | Killed Fannar
 12926 | Lair:4   | Noticed a seven-headed hydra
 12938 | Lair:4   | Killed a seven-headed hydra
 12938 | Lair:4   | Reached XP level 13. HP: 76/83 MP: 19/19
 12955 | Lair:4   | Identified a scroll of acquirement
 12957 | Lair:4   | Got a transparent scarf
 12968 | Lair:4   | Identified the scarf of the Black Moon {*Corrode +Inv MR+++} (You acquired it on level 4 of the Lair of Beasts)
 13337 | Lair:4   | Reached skill level 11 in Fighting
 13371 | Lair:4   | Reached skill level 5 in Armour
 14700 | Lair:5   | Found a viscous altar of Jiyva.
 14700 | Lair:5   | Found a staircase to the Slime Pits.
 15130 | Lair:5   | Reached skill level 5 in Short Blades
 15811 | Lair:5   | Found a snail-covered altar of Cheibriados.
 16094 | Lair:6   | Entered Level 6 of the Lair of Beasts
 16718 | Lair:5   | Gained mutation: Your large and strong wings let you fly indefinitely. [Gargoyle growth]
 16718 | Lair:5   | Reached XP level 14. HP: 83/91 MP: 20/20
 16826 | Lair:5   | Reached skill level 12 in Fighting
 18564 | Lair:6   | Noticed a dire elephant
 18564 | Lair:6   | Noticed a dire elephant
 18593 | Lair:6   | Killed a dire elephant
 18612 | Lair:6   | Killed a dire elephant
 18872 | Lair:6   | Noticed a dire elephant
 18882 | Lair:6   | Noticed a dire elephant
 18893 | Lair:6   | Killed a dire elephant
 18918 | Lair:6   | Killed a dire elephant
 19102 | Lair:6   | Noticed a dire elephant
 19131 | Lair:6   | Killed a dire elephant
 19298 | D:11     | Identified the +1 pair of boots of Tomorrow {rPois} (You found it in a labyrinth)
 19441 | D:11     | Got a bone war axe
 19524 | D:11     | Gained mutation: You passively map a small area around you. [mutagenic meat]
 19525 | D:11     | Gained mutation: You are frail. (-10% HP) [mutagenic meat]
 19526 | D:11     | Gained mutation: You have supernaturally acute eyesight. (SInv) [mutagenic meat]
 19527 | D:11     | Lost mutation: You are frail. (-10% HP) [potion of mutation]
 19527 | D:11     | Lost mutation: You passively map a small area around you. [potion of mutation]
 19527 | D:11     | Lost mutation: You have supernaturally acute eyesight. (SInv) [potion of mutation]
 19527 | D:11     | Gained mutation: You are partially covered in rugged brown scales. (AC +1, +3% HP) [potion of mutation]
 19527 | D:11     | Gained mutation: Your spells are a little harder to cast, but a little more powerful. [potion of mutation]
 19527 | D:11     | Lost mutation: You are partially covered in rugged brown scales. (AC +1, +3% HP) [potion of mutation]
 19527 | D:11     | Gained mutation: Your natural rate of healing is unusually fast. [potion of mutation]
 19851 | D:11     | Reached skill level 10 in Invocations
 20198 | D:12     | Noticed Snorg
 20212 | D:12     | Killed Snorg
 20212 | D:12     | Reached skill level 13 in Fighting
 20723 | D:12     | Reached XP level 15. HP: 98/98 MP: 22/22
 20976 | D:13     | Found a snail-covered altar of Cheibriados.
 21176 | D:13     | Reached skill level 10 in Shields
 21423 | D:13     | Noticed Azrael
 21478 | D:13     | Killed Azrael
 21659 | D:13     | Identified the +3 war axe "Hellblazer" {speed, rF+ rC+ rN+++ Str-4} (You found it on level 11 of the Dungeon)
 21661 | D:13     | Identified the cursed +3 dagger "Keen" {vamp, *Noise +Rage Int+8} (You found it in a labyrinth)
 22460 | D:13     | Reached **** piety under Qazlal
 22692 | D:14     | Found a gate to the Vaults.
 22784 | D:14     | Noticed Kirke
 22809 | D:14     | Killed Kirke
 22895 | D:14     | Found Asuenut's Book Emporium.
 22999 | D:14     | Noticed Roxanne
 23360 | D:15     | Entered Level 15 of the Dungeon
 23418 | D:15     | Reached skill level 14 in Fighting
 23670 | D:15     | Found a staircase to the Depths.
 23974 | D:15     | Reached XP level 16. HP: 91/107 MP: 18/24
 24902 | Orc:2    | Entered Level 2 of the Orcish Mines
 25046 | Orc:2    | Found a staircase to the Elven Halls.
 25324 | Orc:2    | Paralysed by an orc sorcerer for 7 turns
 25595 | Orc:2    | Reached ***** piety under Qazlal
 25969 | Orc:2    | Found Etaos's Antique Armour Shop.
 25977 | Orc:2    | Found Roiwun's General Store.
 25977 | Orc:2    | Found Ycruachi's Book Boutique.
 25978 | Orc:2    | Found Orin's Antique Weapon Shop.
 25992 | Orc:2    | Bought a scroll of teleportation for 45 gold pieces
 25992 | Orc:2    | Bought 2 potions of curing for 90 gold pieces
 25992 | Orc:2    | Bought a scroll of identify for 30 gold pieces
 26423 | Orc:1    | Reached skill level 15 in Fighting
 26548 | Orc:1    | Found a roughly hewn altar of Beogh.
 26695 | Orc:1    | Found a roughly hewn altar of Beogh.
 26783 | Orc:2    | Bought a pair of scorched gloves for 180 gold pieces
 26795 | Orc:2    | Identified the +3 pair of gloves of the Voivode {rElec Regen+ rCorr Dex-5} (You bought it in a shop on level 2 of the Orcish Mines)
 26837 | Orc:2    | Bought a glowing plate armour for 494 gold pieces
 26859 | Orc:2    | Bought a twisted ring mail for 171 gold pieces
 26859 | Orc:2    | Bought a polished scale mail for 171 gold pieces
 26869 | Orc:2    | Identified the cursed +1 ring mail of Minor Irritation {+Fly Str+3} (You bought it in a shop on level 2 of the Orcish Mines)
 27019 | Swamp:1  | Entered Level 1 of the Swamp
 27025 | Swamp:1  | Noticed a thorn hunter
 27050 | Swamp:1  | Killed a thorn hunter
 28475 | Swamp:2  | Found a transporter.
 28636 | Swamp:2  | Found a transporter.
 28988 | Swamp:3  | Noticed Mara
 28993 | Swamp:3  | Noticed tilp's illusion
 29022 | Swamp:3  | Noticed Nikola
 29542 | Swamp:4  | Entered Level 4 of the Swamp
 29565 | Swamp:4  | Reached XP level 17. HP: 111/113 MP: 25/25
 29578 | Swamp:4  | Noticed Bai Suzhen
 29685 | Snake:1  | Entered Level 1 of the Snake Pit
 30052 | Snake:1  | Noticed Aizul
 30068 | Snake:1  | Killed Aizul
 30177 | Snake:1  | Reached skill level 10 in Armour
 30760 | Snake:2  | Reached skill level 16 in Fighting
 30926 | Snake:2  | Found a frozen archway.
 31021 | IceCv    | Entered an ice cave
 31939 | IceCv    | Got a pair of ichor-stained boots
 31941 | IceCv    | Got a pair of jewelled boots
 31945 | IceCv    | Identified the Reference Book on the Oath and Poison
 32167 | Snake:2  | Got a warped scimitar
 33068 | Snake:2  | Identified the cursed +3 scimitar "Jiuza" {slice, *Corrode rC+ MP+9 Int+4} (You found it on level 2 of the Snake Pit)
 33079 | Snake:2  | Identified the +0 pair of boots of a Billion Runes {rPois rN+++ Int-3 Dex-3} (You found it in an ice cave)
 33102 | Snake:2  | Identified the +5 pair of boots of Spite {rF+ rC- rCorr Dex+2} (You found it in an ice cave)
 33112 | Snake:2  | Identified the +4 scale mail of Itituge {Int+2 Dex+4} (You bought it in a shop on level 2 of the Orcish Mines)
 33216 | Snake:3  | Noticed Vashnia
 33297 | Snake:3  | Killed Vashnia
 33297 | Snake:3  | Reached skill level 15 in Shields
 33297 | Snake:3  | Reached XP level 18. HP: 82/122 MP: 5/27
 34282 | Snake:4  | Entered Level 4 of the Snake Pit
 34598 | Snake:4  | Reached skill level 17 in Fighting
 35118 | Snake:4  | Reached XP level 19. HP: 124/128 MP: 29/29
 35134 | Snake:4  | Got a serpentine rune of Zot
 36002 | Swamp:3  | Noticed tilp's illusion
 36012 | Swamp:3  | Killed Bai Suzhen
 36527 | Swamp:4  | Noticed the 27-headed Lernaean hydra
 36539 | Swamp:4  | Killed the 27-headed Lernaean hydra
 36539 | Swamp:4  | Reached skill level 18 in Fighting
 36548 | Swamp:4  | Got a decaying rune of Zot
 37351 | Vaults:1 | Entered Level 1 of the Vaults
 37488 | Vaults:1 | Noticed Asterion
 37524 | Vaults:1 | Killed Asterion
 37627 | Vaults:1 | Found a ruined gateway.
 37672 | Desolati | Entered the Desolation of Salt
 38161 | Vaults:1 | Got a translucent battleaxe
 38169 | Vaults:1 | Identified the +3 battleaxe of Scorn {holy, +Inv Dex+2} (You found it on level 1 of the Vaults)
 38403 | Vaults:1 | Reached XP level 20. HP: 124/137 MP: 30/30
 39344 | Vaults:1 | Reached skill level 1 in Long Blades
 40031 | Vaults:2 | Reached skill level 5 in Long Blades
 40877 | Vaults:2 | Found Beennor's Antique Weapon Shop.
 40878 | Vaults:2 | Got a warped ring mail
 40890 | Vaults:2 | Bought an ancient mace for 328 gold pieces
 40890 | Vaults:2 | Identified the +6 mace "Vyesag" {elec, rC+ Int+4 Dex+4} (You bought it in a shop on level 2 of the Vaults)
 41029 | Vaults:2 | Reached skill level 19 in Fighting
 41358 | Vaults:2 | Found a staircase to the Crypt.
 41392 | Vaults:2 | Identified the cursed +1 ring mail of Divine Intervention {Str+4 Int+4} (You found it on level 2 of the Vaults)
 41443 | Crypt:1  | Entered Level 1 of the Crypt
 41972 | Crypt:1  | Reached XP level 21. HP: 57/144 MP: 31/31
 43139 | Crypt:2  | Reached ****** piety under Qazlal
 43779 | Crypt:3  | Entered Level 3 of the Crypt
 44068 | Crypt:3  | Noticed Frederick
 44099 | Crypt:3  | Noticed Saint Roka
 44099 | Crypt:3  | Noticed Margery
 44383 | Crypt:3  | Killed from afar by Frederick

Vault maps used:
D:1:      minmay_arrival_semitransparent
D:2:      nicolae_qazlal_eye_of_the_storm, nicolae_ru_great_annihilating_truth
D:3:      tso_metal_star
D:4:      first_bread, minmay_misc_feat_four_crosses, uniq_natasha, uniq_grinder
D:6:      kennysheep_mini_moat, nicolae_overflow_crystal_walls,
          chequers_ossuary_entry_cave, basic_altar, kennysheep_generic_room_13
D:7:      nicolae_ashenzari_panopticon, gammafunk_temple_overflow_wave,
          the_bakery, uniq_pikel, uniq_crazy_yiuf_cottage
D:8:      zin_scriptorium, minmay_misc_feat_doors, glass_columns_c,
          minmay_shop_grid_forest
D:9:      lemuel_blue_sif_altar, hiddenorc2_lemuel, uniq_maurice
D:10:     lair_entry_dummy, uniq_nergalle
D:12:     minmay_strange_pillars, minmay_guarded_unrand_prune, uniq_snorg
D:13:     cheibriados_altar_1, uniq_azrael
D:14:     grunt_vaults_entry_tiered, serial_shops, shop_fountains, uniq_kirke,
          uniq_roxanne
D:15:     gammafunk_depths_entry_grave, hangedman_decor_diamond_cutter,
          minivault_27
Temple:   oiseaux_autumnal_temple
Lair:1:   serial_bayou_shore_a, grunt_megastairs_2
Lair:2:   minmay_snake_entry_guardpost_medium, lab_entry_generic
Lair:3:   minmay_swamp_entry_reptiles, uniq_fannar
Lair:4:   grunt_megastairs_1, lemuel_fruit_tree, minmay_lair_oklob_chamber,
          infiniplex_staircase_pool_2
Lair:5:   slime_altar_1, kennysheep_snail_temple, grunt_megastairs_3
Lair:6:   due_jungle_book, serial_bayou_shore_b
Swamp:1:  evilmike_swamp_ruin_house_5
Swamp:2:  gammafunk_its_a_trap, evilmike_swamp_ruin_rubble_2
Swamp:3:  evilmike_swamp_ruin_rubble_1, uniq_mara, uniq_nikola
Swamp:4:  grunt_swamp_rune_castle, swamp_pool1, uniq_bai_suzhen
Snake:1:  uniq_aizul
Snake:2:  portal_ice_cave_entry_frozen_things, hangedman_venom_bottle
Snake:3:  spider_trap, serial_bayou_shore_b, uniq_vashnia
Snake:4:  snake_pit
Orc:1:    basic_altar, nicolae_orc_lost_temple
Orc:2:    st_orc_congregation
Vaults:1: grunt_vaults_swirl, v_rooms_5, st_squares,
          hangedman_vaults_variations, vaults_room_door_ring, v_misc_15,
          hangedman_vaults_trim, vaults_standard_mumra_x,
          nicolae_vaults_rhombus_6, vaults_mumra_minichess_inversion,
          ontoclasm_vaults_loading_screen, portal_desolation_entry_salt,
          uniq_asterion
Vaults:2: dpeg_vaults_waves, dpeg_vaults_monster_box, ontoclasm_vaults_ligature,
          hangedman_vaults_locks, vaults_mumra_hex, v_misc_22,
          minmay_crypt_entry_vampire_xt, hangedman_vaults_river_flow,
          vaults_room_ringed_pool, nicolae_vaults_alarming,
          nicolae_vaults_back_hallway, nicolae_vaults_mini_display_case,
          serial_shops, nicolae_shop_window_shopping
Crypt:1:  grunt_crypt_arrival_guarded_gate
Crypt:3:  evilmike_haunted_forest, uniq_saint_roka, uniq_frederick, uniq_xtahua,
          uniq_margery
Lab:      nicolae_lab_dead_adventurers, lab_statue, labyrinth_fake_exit,
          labyrinth_skeletal_remains
Ossuary:  ossuary_due_mausoleum
IceCv:    ice_cave_caverns_02

Skill      XL: |  1  2  3  4  5  6  7  8  9 10 11 12 13 14 15 16 17 18 19 20 21 |
---------------+----------------------------------------------------------------+-----
Axes           | 2 3 4 5 6 7 9 |  9.3
Fighting       | 4 5 6 7 8 9 10 11 13 14 15 16 17 18 19 | 19.6
Invocations    | 2 3 4 5 7 8 9 10 11 12 13 | 13.4
Polearms       | 2 5 8 10 11 12 13 | 13.5
Evocations     | 1 3 4 5 6 7 8 9 |  9.6
Short Blades   | 2 4 5 6 |  6.0
Shields        | 4 5 8 9 11 13 15 16 18 | 18.2
Armour         | 4 5 7 8 9 10 11 12 13 14 | 14.1
Long Blades    | 8 9 |  9.5

Action                   |  1- 3 |  4- 6 |  7- 9 | 10-12 | 13-15 | 16-18 | 19-21 || total
-------------------------+-------+-------+-------+-------+-------+-------+-------++-------
Melee: War axe           |   100 |   214 |    23 |       |       |       |       ||   337
       Spear             |       |       |   245 |   742 |  1578 |  2247 |   916 ||  5728
       Short sword       |       |       |       |     8 |    50 |    12 |       ||    70
       Scimitar          |       |       |       |       |       |    25 |       ||    25
       Double sword      |       |       |       |       |       |    32 |   463 ||   495
       Battleaxe         |       |       |       |       |       |       |   532 ||   532
Throw: Tomahawk          |       |       |       |     3 |     7 |       |       ||    10
Invok: Upheaval          |       |       |     5 |    26 |    31 |    25 |     8 ||    95
       Elemental Force   |       |       |       |     2 |       |     3 |     3 ||     8
       Disaster Area     |       |       |       |       |       |     2 |     3 ||     5
 Abil: Fly               |       |       |       |       |       |     1 |       ||     1
       Evoke Blink       |       |       |       |       |       |       |     5 ||     5
  Use: Scroll            |       |       |    20 |    18 |     9 |    10 |    12 ||    69
       Potion            |       |       |       |     2 |     5 |       |    10 ||    17
 Stab: Paralysed         |       |     2 |       |       |       |       |       ||     2
       Distracted        |       |       |       |       |       |     2 |       ||     2
  Eat: Chunk             |       |     5 |     6 |    15 |    17 |     6 |     3 ||    52
       Royal jelly       |       |     1 |     1 |     4 |       |     1 |     1 ||     8
       Fruit             |       |       |       |     2 |     2 |     3 |       ||     7
       Bread ration      |       |       |       |       |     3 |     5 |     1 ||     9
       Meat ration       |       |       |       |       |     2 |     1 |     4 ||     7
Armor: Scale mail        |    60 |    58 |       |       |       |       |       ||   118
       Plate armour      |       |    89 |    93 |     1 |       |       |       ||   183
       Ring mail         |       |       |       |   179 |   442 |   533 |   968 ||  2122
Dodge: Dodged            |    50 |    40 |    29 |   151 |   294 |   411 |   564 ||  1539
       Deflected         |       |       |       |       |     2 |    44 |    22 ||    68
Block: Shield            |    77 |   115 |   114 |   310 |   840 |  1634 |  1424 ||  4514
       Reflection        |       |       |       |       |       |       |    47 ||    47
       Other             |       |       |       |       |       |       |   354 ||   354
       Rpst.: Double sword |       |       |       |       |       |     1 |    35 ||    36
